 Dungeon Crawl Stone Soup version 0.32-a0-984-gb8cfe57ea9 (webtiles) character file.

Game seed: 13992020763185683020

237880 u553311 the Acrobat (level 19, -5/142 (202) HPs)
             Began as a Tengu Monk on Apr 21, 2024.
             Was the Champion of Trog.
             Slain by an antique champion
             ... wielding a +2 double sword of draining
              (15 damage)
             ... in a wizard's laboratory.
             The game lasted 02:06:39 (30985 turns).

u553311 the Acrobat (Tengu Monk)                   Turns: 30985, Time: 02:06:39

HP:   -5/142 (202)  AC: 19    Str: 16    XL:     19   Next: 70%
MP:   6/6           EV: 37    Int: 12    God:    Trog [******]
Gold: 2231          SH: 16    Dex: 29    Spells: 18/18 levels left

rFire   . . .        U - +5 scimitar (antimagic)
rCold   . . .        W - +3 warlock's mirror {omnireflect}
rNeg    . . .        N - +4 scale mail "Ubegoefo" {rPois Regen+ Str+2 SInv}
rPois   +            Z - +0 hat
rElec   .            L - +2 cloak
rCorr   .            y - +0 pair of gloves
SInv    +            (boots unavailable)
Will    +....        F - amulet "Bynycsif" {Reflect Regen+ Str+2 Slay+3 SH+5} Stlth
                     J - +6 ring of dexterity
HPRegen 2.03/turn    i - +5 ring of evasion
MPRegen 0.10/turn

%: reflection, acrobat
@: berserking, flying, very heavily drained, very quick
A: beak, talons 3, evasive flight, acrobatic
}: 1/15 runes: serpentine
a: Renounce Religion, Berserk, Trog's Hand, Brothers in Arms


You were in a wizard's laboratory.
You worshipped Trog.
Trog was exalted by your worship.
You visited 6 branches of the dungeon, and saw 30 of its levels.
You also visited: Volcano and Wizlab.

You collected 3637 gold pieces.
You spent 1406 gold pieces at shops.

Inventory:

Hand Weapons
 x - a +4 demon blade of electrocution
 K - a +4 scimitar of flaming
 U - a +5 antimagic scimitar (weapon)
Missiles
 b - 2 throwing nets
Armour
 d - a +1 tower shield of protection
 j - a +2 ring mail of cold resistance
 y - a +0 pair of gloves (worn)
 L - a +2 cloak (worn)
 N - the +4 scale mail "Ubegoefo" (worn) {rPois Regen+ Str+2 SInv}
   (You found it on level 14 of the Dungeon)

   Str+2:     It affects your strength (+2).
   rPois:     It protects you from poison.
   SInv:      It lets you see invisible.
   Regen+:    It increases your rate of health regeneration.
 O - +0 steam dragon scales
 S - a +3 ring mail of fire resistance
 W - the +3 warlock's mirror (worn) {omnireflect}
   (You bought it in a shop on level 3 of the Dungeon)

   Omnireflect: It can block and reflect piercing ranged attacks and magical
   attacks against the wielder's willpower.
 X - a +2 robe of willpower
 Z - a +0 hat (worn)
Jewellery
 f - a ring of poison resistance
 i - a +5 ring of evasion (right hand)
 F - the amulet "Bynycsif" (around neck) {Reflect Regen+ Str+2 Slay+3 SH+5}
   (You bought it in a shop on level 3 of the Dungeon)

   [amulet of reflection]

   Reflect:   It reflects blocked missile attacks.
   Str+2:     It affects your strength (+2).
   Slay+3:    It affects your accuracy & damage with ranged weapons and melee
   (+3).
   Regen+:    It increases your rate of health regeneration.
   SH+5:      It affects your SH (+5).
 J - a +6 ring of dexterity (left hand)
 R - a ring of resist corrosion
Wands
 r - a wand of flame (24)
 u - a wand of digging (7)
 C - a wand of roots (20)
 H - a wand of acid (3) (quivered)
 I - a wand of mindburst (24)
Scrolls
 l - 2 scrolls of poison
 o - a scroll of brand weapon
 p - 3 scrolls of fog
 q - 5 scrolls of fear
 v - 5 scrolls of teleportation
 B - 4 scrolls of vulnerability
 M - 7 scrolls of enchant armour
 Q - a scroll of summoning
 Y - 2 scrolls of immolation
Potions
 a - a potion of experience {unknown}
 c - 3 potions of ambrosia
 e - 4 potions of might
 g - 3 potions of magic
 h - 6 potions of haste
 k - 3 potions of berserk rage
 m - 3 potions of invisibility {unknown}
 n - 5 potions of curing
 s - 4 potions of degeneration {unknown}
 t - 4 potions of resistance {unknown}
 z - 5 potions of lignification
 D - 7 potions of mutation
 E - 7 potions of attraction
 G - 3 potions of heal wounds
 T - a potion of brilliance {unknown}
 V - 3 potions of enlightenment {unknown}


   Skills:
 + Level 20.3 Fighting
 - Level 14.0 Long Blades
 + Level 15.3 Armour
 + Level 21.6 Dodging
 - Level 10.7 Shields


You had 18 spell levels left.
You didn't know any spells.
Your spell library contained the following spells:

 Spells                   Type           Power      Damage    Failure   Level
 Call Canine Familiar     Summ           0%         N/A       96%         3
 Sigil of Binding         Hex            0%         N/A       96%         3
 Dimensional Bullseye     Hex/Tloc       0%         N/A       100%        4
 Vhi's Electric Charge    Tloc/Air       0%         N/A       100%        4
 Arcjolt                  Conj/Air       0%         1d10      100%        5
 Plasma Beam              Fire/Air       0%         2x1d10    100%        6


Dungeon Overview and Level Annotations

Branches:
Dungeon (15/15)            Temple (0/1) D:5            Lair (5/5) D:9
 Shoals (3/4) Lair:3        Snake (4/4) Lair:2        Slime (0/5) Lair:4
    Orc (2/2) D:12            Elf (1/3) Orc:2        Vaults (0/5) D:14
 Depths (0/4) D:15        Volcano (visited)          WizLab (1/1)

Altars:
Ashenzari
Cheibriados
Dithmenos
Elyvilon
Fedhas
Gozag
Hepliaklqana
Kikubaaqudgha
Makhleb
Nemelex Xobeh
Okawaru
Qazlal
Ru
Sif Muna
Trog
Uskayaw
Vehumet
Wu Jian
Xom
Yredelemnul
Zin
The Shining One
Beogh
Jiyva

Shops:
D:3 =[*[   D:4 *   D:5 *   D:11 :   Orc:2 :=:(   Shoals:2 *   Snake:1 *
Snake:2 ==:

Portals:
Trove: D:13 (give +4 demon whip)

Annotations:
D:2 Terence
Snake:4 1 runed translucent door, ouz's ghost, adept MiFi
Orc:1 3 runed translucent doors, Vas Wept's ghost, journeyman OnCj
Abyss:1 Louise


Innate Abilities, Weirdness & Mutations

You have a beak for a mouth.
You have claws for feet.
Your magical flight helps you evade attacks. (EV +4)
You can magically evade attacks while moving or waiting.


Message History

The antique champion is heavily damaged.
The antique champion blocks your attack. x2
The antique champion is heavily damaged.
You block the antique champion's attack.
The wraith closely misses you. You block the wraith's attack.
The antique champion hits you with the +9 sword of Zonguldrok!
* * * LOW HITPOINT WARNING * * *
The wraith completely misses you.
The antique champion blocks your attack.
Your kick misses the antique champion. Your peck misses the antique champion.
The antique champion is heavily damaged.
You block the antique champion's attack.
Unknown command.
The antique champion blocks your attack.
You claw the antique champion!
You peck the antique champion, but do no damage.
The antique champion is heavily damaged.
The antique champion closely misses you.
The wraith completely misses you. You block the wraith's attack.
The wraith completely misses you.
The antique champion blocks your attack.
You claw the antique champion, but do no damage.
The antique champion is heavily damaged.
The antique champion hits you with a +2 double sword of draining.
* * * LOW HITPOINT WARNING * * *
You feel drained.
* * * LOW HITPOINT WARNING * * *
You hit the antique champion.
The antique champion blocks your attack.
The antique champion is heavily damaged.
The antique champion gestures at you while chanting.
You feel haunted. You block the wraith's attack. x2
The antique champion hits you with the +9 sword of Zonguldrok!!
* * * LOW HITPOINT WARNING * * *
The wraith hits you.
* * * LOW HITPOINT WARNING * * *
The antique champion blocks your attack.
The antique champion is heavily damaged.
The antique champion hits you with a +2 double sword of draining!
You die...

#..................♣##
#♣♣♣...................##
♣.♣...................♣.#
♣....ß..#########.......♣
#.÷.....# #......♣#
#......## ##......♣
#♣...### ##+## ###....#
♣...# #WW.# #...♣# #♣...#
###W@W### #....# ♣....#
#..z.z..# #...♣#
#....####..ßWß..# ##....#
#....#..'.......+..#....#
♣....#..###...###..#....#
#♣...#....#...#....#....♣
♣....###..#####..###....#
#...)..##...'...##.....♣♣
♣.....).#...#...#.......#


You could see 2 antique champions and 5 wraiths.

Vanquished Creatures
  Mara (Snake:3)
  Vashnia (Snake:3)
  Rupert (D:13)
  2 liches (WizLab)
  An ancient champion (WizLab)
  4 nagarajas
  Aizul (Snake:2)
  Roxanne (D:14)
  A deep elf sorcerer (Elf:1)
  An orc warlord (Orc:1)
  2 ghouls (WizLab)
  2 vampire knights (WizLab)
  Nessos (D:13)
  Snorg (Orc:2)
  2 merfolk impalers
  Josephine (D:12)
  2 jiangshi (WizLab)
  2 salamander tyrants
  4 vault guards (D:14)
  An alligator snapping turtle (Shoals:1)
  4 ogre magi (Orc:2)
  Erolcha (Orc:1)
  4 catoblepae
  A rakshasa (D:15)
  4 hydras
  2 alligators (Lair:3)
  10 two-headed ogres
  3 centaur warriors
  A boulder beetle (D:15)
  Erica (D:8)
  A dancing weapon (Elf:1)
  A death knight (D:15)
  The ghost of grizmgrazm2 the Mimic, a novice TrFi of Wu Jian (Lair:1)
  12 anacondas
  2 satyrs (Shoals:3)
  Urug (Lair:4)
  16 naga warriors
  2 occultists (D:15)
  20 death yaks
  2 orc high priests (Orc:1)
  8 shock serpents
  24 naga sharpshooters
  2 deep elf knights (Elf:1)
  3 storm dragon zombies (WizLab)
  5 salamander mystics
  A fire crab (Lair:3)
  The ghost of P0WERM0DE the Trooper, a novice CoCK of Xom (D:7)
  A golden dragon zombie (WizLab)
  2 skeletal warriors (WizLab)
  5 skysharks
  Lodul (D:11)
  5 deep elf archers
  11 mana vipers
  5 sea snakes
  9 naga ritualists
  A phantasmal warrior (WizLab)
  A necromancer (D:15)
  21 deep elf pyromancers
  17 harpies
  Pikel (D:5)
  14 manticores
  12 deep elf zephyrmancers
  An orc sorcerer (Orc:1)
  10 ugly things
  3 wolf spider zombies
  19 salamanders
  6 fauns
  2 orc knights (Orc:1)
  Maurice (D:8)
  7 cyclopes
  A stone giant skeleton (WizLab)
  11 centaur zombies (D:12)
  7 elephants
  16 naga magi
  28 black mambas
  6 merfolk sirens
  A black mamba (shapeshifter) (D:13)
  9 guardian serpents
  A water nymph (Shoals:3)
  2 kobold blastminers (Orc:2)
  8 cane toads
  A torpor snail (Lair:2)
  A gargoyle (D:13)
  A kobold demonologist (D:10)
  2 freezing wraiths
  Jeremiah (D:9)
  2 efreet (D:14)
  4 komodo dragons
  2 rime drakes
  A queen bee (shapeshifter) (D:15)
  A polar bear (shapeshifter) (D:14)
  Prince Ribbit (D:8)
  4 trolls
  2 wind drakes
  17 merfolk
  2 hornets
  8 polar bears
  Grinder (D:5)
  27 blink frogs
  6 snapping turtles
  An ettin zombie (WizLab)
  2 dream sheep (Shoals:2)
  A culicivora (shapeshifter) (D:15)
  An ettin skeleton (WizLab)
  15 slime creatures
  4 wyverns
  4 water elementals
  6 shadows
  9 vampires
  9 wraiths
  42 yaks
  3 wargs
  4 basilisks
  2 steam dragons (Lair:3)
  Grum (D:8)
  5 vampire mosquitoes
  Menkaure (D:5)
  52 nagas
  A deep troll zombie (WizLab)
  4 acid dragons
  18 water moccasins
  5 hell hounds (Volcano)
  24 orc warriors
  A deep troll skeleton (WizLab)
  7 ice beasts
  A sky beast (D:5)
  2 swamp dragon zombies (WizLab)
  5 black bears
  11 wolves
  35 ogres
  8 centaurs
  A phantom (D:5)
  3 lemures (D:5)
  3 kobold brigands
  Blork the orc (D:5)
  16 bullfrogs
  A two-headed ogre simulacrum (WizLab)
  3 scorpions
  6 wights (D:7)
  9 killer bees
  2 swamp dragon simulacra (WizLab)
  A vampire bat (Lair:3)
  2 bombardier beetles
  8 electric eels
  9 howler monkeys
  3 hounds
  4 jellies
  22 orc priests
  A cyclops simulacrum (WizLab)
  2 sleepcaps (D:7)
  7 iguanas
  31 orc wizards
  3 boggart zombies
  11 hell rats
  Robin (D:3)
  4 adders
  9 river rats (Lair:2)
  2 ufetubi (D:7)
  2 dart slugs
  62 orcs
  8 endoplasms
  2 giant cockroaches
  12 goblins
  10 hobgoblins
  22 kobolds
  12 quokkas
  6 ball pythons
  10 bats
  2 frilled lizards
  13 rats
1104 creatures vanquished.

Vanquished Creatures (collateral kills)
  Polyphemus (Shoals:2)
  A merfolk impaler (Shoals:2)
  A death yak (Shoals:2)
  A satyr (Shoals:3)
  3 fauns
  A manticore (Shoals:2)
  A merfolk siren (Shoals:2)
  2 merfolk (Shoals:2)
  An orc wizard (Orc:1)
12 creatures vanquished.

Vanquished Creatures (others)
  A nagaraja (Snake:3)
  An anaconda (Lair:3)
  A deep elf knight (Elf:1)
  A dream sheep (Shoals:3)
  A yak (Lair:5)
  A vampire mosquito (D:14)
  An orc priest (Orc:1)
  An orc wizard (Orc:1)
  An orc (Orc:1)
9 creatures vanquished.

Grand Total: 1125 creatures vanquished

Notes
Turn   | Place    | Note
-------+----------+-------------------------------------------
     0 | D:1      | u553311 the Tengu Monk began the quest for the Orb.
     0 | D:1      | Reached XP level 1. HP: 14/14 MP: 2/2
   151 | D:1      | Reached XP level 2. HP: 19/19 MP: 3/3
   570 | D:2      | Reached XP level 3. HP: 17/23 MP: 4/4
   625 | D:2      | Noticed Terence
   938 | D:2      | Reached skill level 5 in Long Blades
  1043 | D:2      | Reached XP level 4. HP: 26/28 MP: 5/5
  1075 | D:2      | Found a sacrificial altar of Ru.
  1239 | D:3      | Found Kepuud's Armour Shop.
  1278 | D:3      | Identified the +4 dagger of Tomorrow {flame, rF+}
  1348 | D:3      | Found Githojol's Assorted Antiques.
  1361 | D:3      | Bought a scroll labelled IJAUCE JESOI for 31 gold pieces
  1361 | D:3      | Bought a scroll labelled ZEBUAJUPOA for 31 gold pieces
  1467 | D:3      | Found Jaf Nett's Armour Shoppe.
  1541 | D:3      | Noticed a shining eye
  1542 | D:3      | Found a faded altar of an unknown god.
  1546 | D:3      | Noticed a glass eye
  1546 | D:3      | Noticed a glass eye
  1546 | D:3      | Noticed a glass eye
  1620 | D:3      | Noticed Robin
  1630 | D:3      | Killed Robin
  1768 | D:3      | Identified the +9 spear "Tymoi" {holy, Stlth+}
  1887 | D:3      | Found Sasireme's Jewellery Shop.
  2189 | D:4      | Reached XP level 5. HP: 33/33 MP: 6/6
  2274 | D:4      | Found Zin's Purification Station.
  2277 | D:4      | Found a glowing silver altar of Zin.
  2393 | D:4      | Noticed a black bear
  2409 | D:4      | Reached XP level 6. HP: 17/39 MP: 7/7
  2698 | D:4      | Killed a black bear
  2699 | D:4      | Reached skill level 5 in Fighting
  2699 | D:4      | Reached skill level 4 in Dodging
  2768 | D:4      | Found a hazy altar of Hepliaklqana.
  2928 | D:4      | Found a shadowy altar of Dithmenos.
  2929 | D:4      | Found a sacrificial altar of Ru.
  2930 | D:4      | Found a bloodstained altar of Trog.
  2930 | D:4      | Found an ancient bone altar of Kikubaaqudgha.
  2935 | D:4      | Became a worshipper of Trog the Wrathful
  2935 | D:4      | Reached * piety under Trog
  2935 | D:4      | Reached ** piety under Trog
  3192 | D:5      | Entered Level 5 of the Dungeon
  3192 | D:5      | Found Hikh's Overcharged Wands.
  3222 | D:5      | Found a white marble altar of Elyvilon.
  3225 | D:5      | Found a hide-covered altar of Uskayaw.
  3266 | D:5      | Found a stormy altar of Qazlal.
  3266 | D:5      | Noticed a sky beast
  3313 | D:5      | Gained mutation: Your magical flight helps you evade
                  | attacks. (EV +4) [Tengu growth]
  3313 | D:5      | Reached XP level 7. HP: 44/44 MP: 8/8
  3347 | D:5      | Found a staircase to the Ecumenical Temple.
  3355 | D:5      | Reached skill level 5 in Dodging
  3467 | D:5      | Found a radiant altar of Vehumet.
  3467 | D:5      | Noticed Grinder
  3631 | D:5      | Reached skill level 6 in Dodging
  3699 | D:5      | Killed Grinder
  3700 | D:5      | Reached XP level 8. HP: 34/52 MP: 9/9
  3841 | D:5      | Noticed Menkaure
  3847 | D:5      | Killed Menkaure
  3871 | D:5      | Noticed Pikel
  3872 | D:5      | Noticed Blork the orc
  3970 | D:4      | Reached skill level 7 in Dodging
  3990 | D:5      | Killed Pikel
  3991 | D:5      | Reached skill level 8 in Dodging
  4090 | D:5      | Killed Blork the orc
  4138 | D:6      | Reached XP level 9. HP: 59/59 MP: 10/10
  4427 | D:6      | Reached *** piety under Trog
  4506 | D:6      | Reached skill level 9 in Dodging
  4886 | D:7      | Found an ornate altar of the Wu Jian Council.
  4918 | D:7      | Noticed P0WERM0DE's ghost (novice CoCK)
  4925 | D:7      | Noticed a deep elf pyromancer
  4926 | D:7      | Found a transporter.
  5054 | D:7      | Reached skill level 10 in Dodging
  5056 | D:7      | Found a transporter.
  5198 | D:7      | Found a broken altar of Ashenzari.
  5203 | D:7      | You are sucked into a shaft and drop 3 floors!
  5203 | D:10     | Entered Level 10 of the Dungeon
  5205 | D:10     | Noticed a kobold demonologist
  5222 | D:10     | Killed a kobold demonologist
  5223 | D:10     | Reached skill level 10 in Fighting
  5223 | D:10     | Reached XP level 10. HP: 65/68 MP: 11/11
  5257 | D:9      | Noticed Jeremiah
  5267 | D:9      | Killed Jeremiah
  5418 | D:10     | Found a snail-covered altar of Cheibriados.
  5589 | D:9      | Reached skill level 11 in Dodging
  5594 | D:9      | Found a staircase to the Lair.
  5701 | D:8      | Noticed Grum
  5728 | D:9      | Noticed a two-headed ogre
  5908 | D:7      | Found an opulent altar of Gozag.
  6110 | D:7      | Found a shimmering altar of Xom.
  6285 | D:8      | Found a blossoming altar of Fedhas.
  6367 | D:8      | Killed Grum
  6392 | D:8      | Reached **** piety under Trog
  6437 | D:8      | Noticed Erica
  6445 | D:8      | Killed Erica
  6446 | D:8      | Reached skill level 12 in Dodging
  6553 | D:8      | Noticed Maurice
  6577 | D:8      | Maurice stole 478 gold
  6581 | D:8      | Maurice stole a staff of death
  6595 | D:8      | Killed Maurice
  6596 | D:8      | Reached XP level 11. HP: 49/76 MP: 12/12
  6987 | D:8      | Noticed Prince Ribbit
  6992 | D:8      | Killed Prince Ribbit
  7403 | D:9      | Killed a two-headed ogre
  7550 | D:9      | Found a shimmering blue altar of Sif Muna.
  7762 | D:9      | Found an iron altar of Okawaru.
  8031 | D:10     | Found a basalt altar of Yredelemnul.
  8036 | D:10     | Found a glowing golden altar of the Shining One.
  8038 | D:10     | Noticed an angel
  8111 | D:10     | Found a sparkling altar of Nemelex Xobeh.
  8283 | D:10     | Found a burning altar of Makhleb.
  8645 | D:11     | Noticed a cyan ugly thing
  8653 | D:11     | Killed a cyan ugly thing
  8688 | D:11     | Reached skill level 13 in Dodging
  8841 | D:11     | Noticed Lodul
  8930 | D:12     | Reached ***** piety under Trog
  9181 | D:12     | Reached XP level 12. HP: 82/82 MP: 13/13
  9195 | D:12     | Found a staircase to the Orcish Mines.
  9561 | D:11     | Reached skill level 14 in Dodging
  9617 | D:11     | Found Ciuv's Book Shoppe.
  9972 | D:3      | Bought the amulet "Bynycsif" {Reflect Regen+ Str+2 Slay+3
                  | SH+5} for 591 gold pieces
 10122 | Lair:1   | Entered Level 1 of the Lair of Beasts
 10175 | Lair:1   | Reached skill level 1 in Shields
 10320 | Lair:1   | Found a runed translucent door.
 10321 | Lair:1   | Noticed grizmgrazm2's ghost (novice TrFi)
 10552 | Lair:1   | Reached skill level 10 in Long Blades
 11103 | Lair:2   | Reached XP level 13. HP: 89/89 MP: 14/14
 11322 | Lair:2   | Found a staircase to the Snake Pit.
 11613 | Lair:2   | Reached ****** piety under Trog
 11931 | Lair:3   | Reached skill level 15 in Dodging
 11947 | Lair:3   | Reached skill level 5 in Shields
 12091 | Lair:3   | Found a staircase to the Shoals.
 12328 | Lair:3   | Identified the staff of Trauma {rPois rC+ Stlth- Necro
                  | Earth}
 12846 | Lair:4   | Noticed Urug
 12855 | Lair:4   | Killed Urug
 12856 | Lair:4   | Reached XP level 14. HP: 65/96 MP: 15/15
 12908 | Lair:4   | Found a dark tunnel.
 12915 | Volcano  | Entered a volcano
 12965 | Volcano  | Reached skill level 15 in Fighting
 13035 | Volcano  | Reached skill level 16 in Dodging
 13429 | Lair:5   | Entered Level 5 of the Lair of Beasts
 13506 | Lair:4   | Found a viscous altar of Jiyva.
 13510 | Lair:4   | Found a staircase to the Slime Pits.
 13586 | Lair:4   | Received a gift from Trog
 13944 | Lair:5   | Found a glowing silver altar of Zin.
 13975 | Lair:5   | Reached skill level 1 in Armour
 14950 | D:3      | Bought the +3 warlock's mirror {omnireflect} for 480 gold
                  | pieces
 14950 | D:3      | Found the +3 warlock's mirror {omnireflect}
 15154 | Orc:1    | Entered Level 1 of the Orcish Mines
 15397 | Orc:1    | Noticed an orc warlord
 15425 | Orc:1    | Killed an orc warlord
 15565 | Orc:1    | Reached XP level 15. HP: 80/103 MP: 16/16
 15676 | Orc:1    | Found a roughly hewn altar of Beogh.
 15768 | Orc:1    | Noticed Erolcha
 15784 | Orc:1    | Killed Erolcha
 15914 | Orc:1    | Found a roughly hewn altar of Beogh.
 15918 | Orc:1    | Received a gift from Trog
 15959 | Orc:1    | Found a runed translucent gate.
 15959 | Orc:1    | Found a runed translucent gate.
 15959 | Orc:1    | Found a runed translucent gate.
 15959 | Orc:1    | Found an iron altar of Okawaru.
 15959 | Orc:1    | Noticed Vas Wept's ghost (journeyman OnCj)
 16018 | Orc:2    | Entered Level 2 of the Orcish Mines
 16045 | Orc:2    | Found a staircase to the Elven Halls.
 16050 | Orc:2    | Noticed Snorg
 16060 | Orc:2    | Killed Snorg
 16378 | Orc:2    | Reached skill level 5 in Armour
 16387 | Orc:2    | Found Peaseo's Book Shop.
 16387 | Orc:2    | Found Pemukugu's Antique Weapon Shoppe.
 16388 | Orc:2    | Found Nilic's Book Emporium.
 16388 | Orc:2    | Found Giaveta's Jewellery Shop.
 16414 | Orc:2    | Paralysed by something for 5 turns
 16486 | Orc:2    | Reached skill level 17 in Dodging
 17436 | D:13     | Noticed Rupert
 17489 | D:13     | Killed Rupert
 17489 | D:13     | Received a gift from Trog
 17491 | D:13     | Noticed Josephine
 17505 | D:12     | Killed Josephine
 18248 | D:13     | Noticed Nessos
 18256 | D:13     | Killed Nessos
 18343 | D:13     | Found a portal to a secret trove of treasure.
 18561 | D:14     | Noticed Roxanne
 18584 | D:14     | Killed Roxanne
 18694 | D:14     | Found a gate to the Vaults.
 18935 | D:14     | Reached skill level 10 in Shields
 19119 | D:14     | Noticed Louise
 19127 | D:14     | Reached XP level 16. HP: 111/111 MP: 17/17
 19128 | D:14     | Banished Louise
 19189 | D:14     | Identified the +4 scale mail "Ubegoefo" {rPois Regen+ Str+2
                  | SInv}
 19504 | D:15     | Entered Level 15 of the Dungeon
 19818 | D:15     | Found a shimmering altar of Xom.
 20018 | D:15     | Found a staircase to the Depths.
 20765 | Lair:5   | Received a gift from Trog
 20838 | Lair:5   | Reached skill level 18 in Dodging
 21210 | Shoals:1 | Entered Level 1 of the Shoals
 22148 | Shoals:2 | Found Ekkafej's General Store.
 22158 | Shoals:2 | Bought a scroll of identify for 28 gold pieces
 22211 | Shoals:2 | Received a gift from Trog
 22217 | Shoals:2 | Identified the +2 dagger of Ceanki Beuqu {drain, rN+ rCorr
                  | MP+9 Dex+2}
 22313 | Shoals:2 | Noticed Polyphemus
 22327 | Shoals:2 | Killed Polyphemus
 22333 | Shoals:2 | Reached XP level 17. HP: 106/118 MP: 18/18
 22457 | Shoals:2 | Reached skill level 10 in Armour
 22542 | Shoals:2 | Identified the +6 quarterstaff of Paper {protect, rN+
                  | Int+6}
 23150 | Shoals:3 | Received a gift from Trog
 23152 | Shoals:3 | Reached skill level 19 in Dodging
 23837 | Snake:1  | Entered Level 1 of the Snake Pit
 23902 | Snake:1  | Found Ecebu's General Store.
 23929 | Snake:1  | Bought a scroll of identify for 20 gold pieces
 23929 | Snake:1  | Bought 3 scrolls of enchant armour for 225 gold pieces
 24525 | Snake:2  | Found Gut Qitiang's Book Shoppe.
 24525 | Snake:2  | Found Hoyto's Jewellery Boutique.
 24526 | Snake:2  | Found Zies's Jewellery Boutique.
 24529 | Snake:2  | Received a gift from Trog
 25128 | Snake:2  | Identified the serpent talisman "Lusole" {Str-5 Dex+3
                  | Stlth+}
 25128 | Snake:2  | Noticed Aizul
 25155 | Snake:2  | Killed Aizul
 25744 | Snake:3  | Noticed Mara
 25754 | Snake:2  | Reached XP level 18. HP: 72/126 MP: 19/19
 25845 | Snake:3  | Noticed Vashnia
 26043 | Snake:3  | Killed Vashnia
 26208 | Snake:3  | Identified the +1 robe of Inference {Slay+3}
 26323 | Snake:3  | Reached skill level 20 in Dodging
 26346 | Snake:3  | Noticed u553311's illusion
 26356 | Snake:3  | Killed Mara
 26424 | Snake:3  | Identified the +0 plate armour of Zimept {rF+ Str+6}
 26704 | Snake:3  | Identified the +7 mace of Weech {spect, Dex+3}
 26845 | Snake:4  | Entered Level 4 of the Snake Pit
 27628 | Snake:4  | Received a gift from Trog
 28191 | Snake:4  | Received a gift from Trog
 28274 | Snake:4  | Reached XP level 19. HP: 133/133 MP: 20/20
 28429 | Snake:4  | Reached skill level 21 in Dodging
 28575 | Snake:4  | Got a serpentine rune of Zot
 28699 | Snake:4  | Found a runed translucent door.
 28759 | Snake:4  | Found a shimmering altar of Xom.
 28759 | Snake:4  | Noticed ouz's ghost (adept MiFi)
 28760 | Snake:4  | Identified the +7 rapier of Peace {chaos, rC+ Str+3 Dex+3}
 29263 | D:11     | Killed Lodul
 29366 | D:7      | Killed P0WERM0DE's ghost
 29703 | Lair:1   | Killed grizmgrazm2's ghost
 30142 | Elf:1    | Entered Level 1 of the Elven Halls
 30253 | Elf:1    | Received a gift from Trog
 30442 | Elf:1    | Found a magical portal.
 30447 | WizLab   | Entered Zonguldrok's Shrine
 30526 | WizLab   | Reached skill level 15 in Armour
 30967 | WizLab   | Noticed an antique champion
 30967 | WizLab   | Noticed an antique champion
 30985 | WizLab   | Slain by an antique champion

Illustrated notes

Levels and vault maps discovered:
D:1:      zelgadis_glass_arrival_small, layout_basic, amcnicky_mini_pool_small
D:2:      layout_basic, serial_bayou, serial_bayou_pond_c, serial_bayou_ford_a,
          serial_bayou_pond_c, serial_bayou_lagoon_a, basic_altar, uniq_terence
D:3:      wad_crossroads, layout_basic, serial_shops, nicolae_shop_gaudy_bauble,
          nicolae_shop_tiny_waterfront, nicolae_shop_hallway_stairs,
          shop_fountains, hellmonk_ecumenical_altar_watching_god, uniq_robin
D:4:      layout_basic, mainiacjoe_overflow_alcove_3, zin_purify,
          mainiacjoe_overflow_concentric_impassable
D:5:      layout_basic, nicolae_qazlal_beasts_of_the_sky,
          grunt_temple_overflow_open, amcnicky_altar_gilded,
          minmay_temple_entry_drinking_statues, nicolae_shop_overcharged_wands,
          uniq_menkaure, uniq_pikel, uniq_grinder, uniq_blork_the_orc
D:6:      layout_basic
D:7:      layout_rooms, mainiacjoe_overflow_brackets,
          mainiacjoe_overflow_small_starburst, overflow_temple_1_default,
          general_overflow_altar, gammafunk_ghost_arena, serial_aquarium,
          aquarium_bridge_square [aquarium_subvault_window,
          aquarium_subvault_window, aquarium_subvault_window,
          aquarium_subvault_bridge], aquarium_bridge_square
          [aquarium_subvault_balcony, aquarium_subvault_bridge,
          aquarium_subvault_wall, aquarium_subvault_bridge],
          aquarium_window_fake, aquarium_window_fake, aquarium_view_2c,
          aquarium_view_2e, aquarium_balcony_double_2, aquarium_pool_corner,
          nicolae_zig_zag_zippers
D:8:      layout_gridville, fedhas_altar_fruit_tree, uniq_erica,
          uniq_prince_ribbit1, uniq_grum, uniq_maurice
D:9:      layout_cave_pools, lemuel_doored_altar,
          nicolae_overflow_crystal_walls, hellmonk_lair_entry_icy, uniq_jeremiah
D:10:     layout_roguey, grunt_temple_overflow_holy_war, lemuel_round_altar,
          lightli_temple_of_fire, lemuel_tele_altar
D:11:     layout_roguey, serial_shops, nicolae_shop_window_shopping,
          nrook_guardian_serpent_double, uniq_lodul
D:12:     layout_irregular_city, orc_0_dummy, serial_undead, serial_undead_c,
          serial_undead_b, serial_undead_f, serial_undead_a, serial_undead_a,
          serial_undead_d
D:13:     layout_basic, nicolae_trove_entry_diagonal, uniq_nessos,
          uniq_josephine, uniq_rupert
D:14:     layout_roguey, lightli_vaults_fourway_checkpoint,
          nicolae_elevator_lobby_asterisk, uniq_louise, uniq_roxanne
D:15:     grunt_enter_depths_magical_seal, layout_loops_cross, xom_teletrap_fun,
          patterned_corridor
Lair:1:   layout_loops_ring, ebering_ghost_reflecting_pool, grunt_megastairs_4,
          infiniplex_staircase_pool, serial_bayou_shore_b
Lair:2:   lemuel_ratsnest, layout_regular_city, dummy_snake_entry
Lair:3:   layout_small_grid, shoals_dummy_entry, roderic_batcave,
          nicolae_lair_lakeside_cave
Lair:4:   layout_cellular_growth, minmay_slime_entry_pillars, enter_volcano_2,
          cheibrodos_lair_lostbears, grunt_megastairs_5,
          infiniplex_staircase_pool_2, uniq_urug
Lair:5:   evilmike_catoblepas_cave, layout_gridlike, lemuel_centaur_altar
Shoals:1: layout_shoals, nicolae_shoals_gull_way
Shoals:2: layout_shoals, serial_shops, shop, nicolae_shoals_former_cling_halls,
          uniq_polyphemus
Shoals:3: nicolae_shoals_island_circles, layout_shoals,
          nicolae_shoals_lost_giant_hut, abandoned_shop
Snake:1:  layout_misc_corridors, serial_shops, nicolae_shop_window_shopping,
          serial_bayou_shore_a
Snake:2:  layout_basic, lemuel_fruit_tree, minmay_shop_grove, uniq_aizul
Snake:3:  layout_misc_corridors, nicolae_triple_integral, uniq_vashnia,
          uniq_mara
Snake:4:  johnstein_snake_rune_scales, layout_onion_interference,
          ebering_ghost_xom, grunt_ministairs_6,
          serial_library_hellmonk_big_corner
Orc:1:    orc_temple, layout_caves, gammafunk_ghost_fury_of_okawaru,
          minmay_orc_temple_a, uniq_erolcha
Orc:2:    st_orc_ogre_mass, layout_caves, uniq_snorg
Elf:1:    layout_loops_corners, serial_shops, nicolae_lakefront_shop,
          mu_enter_wizlab_1, minmay_elf_sorcery
WizLab:   wizlab_zonguldrok

Skill      XL: |  1  2  3  4  5  6  7  8  9 10 11 12 13 14 15 16 17 18 19 |
---------------+----------------------------------------------------------+-----
Long Blades    | 4 5 6 8 10 12 13 14 | 14.0
Fighting       | 4 5 6 8 10 11 12 13 14 15 16 17 18 19 20 | 20.3
Dodging        | 4 6 8 10 12 13 14 15 16 17 18 19 20 21 | 21.6
Shields        | 4 6 8 10 | 10.7
Armour         | 3 6 9 12 14 15 | 15.3

Action                     |  1- 3 |  4- 6 |  7- 9 | 10-12 | 13-15 | 16-18 | 19-21 || total
---------------------------+-------+-------+-------+-------+-------+-------+-------++-------
  Melee: Falchion          |    61 |     4 |       |       |       |       |       ||    65
         Kick              |    15 |    20 |    67 |   178 |   418 |   576 |   244 ||  1518
         Peck              |     8 |    13 |    44 |   128 |   245 |   368 |   163 ||   969
         Dagger            |       |    21 |       |       |       |       |       ||    21
         Spear             |       |    57 |   214 |   242 |       |       |       ||   513
         Scimitar          |       |       |       |   239 |   944 |   862 |   299 ||  2344
         Demon blade       |       |       |       |       |       |   363 |   184 ||   547
  Throw: Throwing net      |       |     1 |       |       |       |       |       ||     1
 Invoke: Berserk           |       |       |     1 |     5 |     7 |     3 |     3 ||    19
         Trog's Hand       |       |       |       |     2 |     2 |     1 |       ||     5
         Brothers in Arms  |       |       |       |       |     1 |     3 |       ||     4
  Evoke: Wand              |       |       |       |       |       |    10 |       ||    10
    Use: Scroll            |       |     2 |       |     6 |    13 |    11 |     4 ||    36
         Potion            |       |       |       |     1 |     1 |     4 |     3 ||     9
   Stab: Sleeping          |       |     2 |     3 |     1 |     2 |       |       ||     8
         Distracted        |       |       |       |       |     3 |     2 |       ||     5
         Petrifying        |       |       |       |       |       |     1 |       ||     1
 Armour: Robe              |    14 |    19 |    56 |   107 |   203 |    17 |       ||   416
         Scale mail        |       |       |       |       |       |   103 |    54 ||   157
         Ring mail         |       |       |       |       |       |   197 |    52 ||   249
  Dodge: Dodged            |    38 |    34 |   210 |   644 |   783 |  1003 |   344 ||  3056
  Block: Buckler           |       |       |       |       |   274 |  1069 |   321 ||  1664
         Reflection        |       |       |       |       |    40 |   196 |    30 ||   266

Table legend: (Time is in decaauts)
 A = Elapsed time spent in this place.
 B = Non-inter-level travel time spent in this place.
 C = Inter-level travel time spent in this place.
 D = Time resting spent in this place.
 E = Time spent auto-exploring this place.
 F = Levels seen in this place.
 G = Mean time per level.
                   A        B        C        D        E       F      G
               +--------+--------+--------+--------+--------+-----+--------+
         Total |  30572 |  26803 |   3769 |   2785 |  14853 |  32 |  955.4 |
       Dungeon |  14861 |  12519 |   2342 |   1368 |   7178 |  15 |  990.7 |
          Lair |   5455 |   4674 |    781 |    286 |   3059 |   5 | 1091.0 |
        Shoals |   2481 |   2362 |    119 |     65 |   1634 |   3 |  827.0 |
     Snake Pit |   5032 |   4655 |    377 |    797 |   2121 |   4 | 1258.0 |
  Orcish Mines |   1751 |   1603 |    148 |    176 |    812 |   2 |  875.5 |
   Elven Halls |    276 |    276 |      0 |      0 |     33 |   1 |  276.0 |
       Volcano |    248 |    248 |      0 |     24 |     16 |   1 |  248.0 |
        Wizlab |    466 |    466 |      0 |     67 |      0 |   1 |  466.0 |
               +--------+--------+--------+--------+--------+-----+--------+

Top non-repeatable levels by time:
 Snake:4: 1587 daAuts
    D:12: 1539 daAuts
 Snake:2: 1516 daAuts
 Snake:3: 1424 daAuts
  Lair:5: 1320 daAuts
    D:10: 1229 daAuts
     D:8: 1206 daAuts
     D:7: 1151 daAuts
  Lair:2: 1142 daAuts
     D:4: 1100 daAuts
  Lair:3: 1044 daAuts
     D:3: 1033 daAuts
    D:14: 1018 daAuts
     D:5: 1002 daAuts
  Lair:1: 988 daAuts
